 Dungeon Crawl Stone Soup version 0.29-a0-721-g7f417c9bbb (webtiles) character file.

Game seed: 7599662879312839262

6831 bande the Cleaver (level 11, -2/67 HPs)
             Began as a Gargoyle Fighter on June 28, 2022.
             Was a High Priest of Okawaru.
             Slain by a cane toad (16 damage)
             ... on level 1 of the Lair of Beasts.
             The game lasted 00:20:51 (12388 turns).

bande the Cleaver (Gargoyle Fighter)               Turns: 12388, Time: 00:20:51

Health: -2/67      AC: 30    Str: 19    XL:     11   Next: 5%
Magic:  16/16      EV:  6    Int: 13    God:    Okawaru [*****.]
Gold:   468        SH: 10    Dex: 12    Spells: 10/10 levels left

rFire   . . .      SeeInvis .   a - +1 war axe
rCold   + . .      Faith    .   c - +0 buckler
rNeg    + + .      Spirit   .   b - +0 plate armour
rPois   ∞          Reflect  .   l - +1 helmet
rElec   +          Harm     .   C - +2 cloak
rCorr   .          Rampage  .   y - +0 pair of gloves
Will    .....                   w - +0 pair of boots
Stlth   ..........              (no amulet)
HPRegen 0.21/turn               f - ring of positive energy
MPRegen 0.15/turn               q - ring of protection from cold

@: no status effects
A: sickness immunity, AC +8, negative energy resistance 1, electricity
resistance, torment resistance 1, petrification resistance, hooves 1, large bone
plates 1, clever 1
a: Renounce Religion, Heroism, Finesse, Duel


You were on level 1 of the Lair of Beasts.
You worshipped Okawaru.
Okawaru was extremely pleased with you.
You visited 3 branches of the dungeon, and saw 10 of its levels.
You also visited: Sewer.

You collected 468 gold pieces.

Inventory:

Hand Weapons
 a - a +1 war axe (weapon)
 D - a +4 flail
 E - a +0 broad axe
Armour
 b - a +0 plate armour (worn)
 c - a +0 buckler (worn)
 l - a +1 helmet (worn)
 w - a +0 pair of boots (worn)
 y - a +0 pair of gloves (worn)
 C - a +2 cloak (worn)
Jewellery
 f - a ring of positive energy (left hand)
 n - a ring of positive energy
 q - a ring of protection from cold (right hand)
Wands
 G - a wand of iceblast (5)
Scrolls
 g - 7 scrolls of teleportation
 i - a scroll of amnesia
 j - 2 scrolls of fog
 o - a scroll of identify
 p - 2 scrolls of enchant weapon
 z - a scroll of blinking
 A - a scroll of poison
 B - 2 scrolls of enchant armour
 F - a scroll of fear
Potions
 d - 2 potions of might
 e - 3 potions of flight
 k - 2 potions of berserk rage
 m - a potion of brilliance
 r - 2 potions of magic
 s - 3 potions of haste
 t - 3 potions of heal wounds
 u - 2 potions of resistance
 v - 4 potions of invisibility
 x - a potion of mutation


   Skills:
 + Level 7.4 Fighting
 + Level 9.7 Axes
 + Level 8.2 Armour
 + Level 7.7 Shields
 * Level 7.2 Invocations


You had 10 spell levels left.
You didn't know any spells.
Your spell library contained the following spells:

 Spells                   Type           Power      Damage    Failure   Level
 Apportation              Tloc           0%         N/A       100%        1
 Necrotize                Necr           0%         1d4       100%        1
 Fireball                 Conj/Fire      0%         3d3       100%        5
 Iskenderun's Battlesphe  Conj           0%         2d6       100%        5
 Conjure Ball Lightning   Conj/Air       0%         3x3d6     100%        6
 Orb of Destruction       Conj           0%         9d5       100%        7
 Borgnjor's Revivificati  Necr           0%         N/A       100%        8
 Necromutation            Tmut/Necr      0%         N/A       100%        8
 Death's Door             Necr           0%         N/A       100%        9
 Summon Small Mammal      Summ           Unusable   N/A       N/A         1

Dungeon Overview and Level Annotations

Branches:
Dungeon (8/15)             Temple (1/1) D:4            Lair (1/6) D:8
  Sewer (visited)

Altars:
Ashenzari
Cheibriados
Dithmenos
Gozag
Nemelex Xobeh
Okawaru
Ru
Trog
Uskayaw
Wu Jian
Xom
The Shining One

Shops:
D:4 *   D:6 *


Innate Abilities, Weirdness & Mutations

You are immune to sickness and miasma.
Your stone body is resilient. (AC +8)
You are immune to poison.
You resist negative energy. (rN+)
You are resistant to electric shocks. (rElec)
You are resistant to unholy torment.
You are immune to petrification.
You have large cloven feet.
You are partially covered in large bone plates. (SH +4)
Your mind is acute. (Int +4, Str/Dex -1)


Message History

You barely miss the cane toad.
The cane toad stings you but does no damage.
You block the cane toad's attack.
You barely miss the cane toad. The cane toad stings you!
You are too injured to fight recklessly!
You hit the cane toad.
The cane toad is lightly wounded.
The cane toad stings you.
You hit the cane toad.
The cane toad is lightly wounded.
You block the cane toad's attack.
You hit the cane toad.
The cane toad is moderately wounded.
You block the cane toad's attack.
You hit the cane toad.
The cane toad is moderately wounded.
You block the cane toad's attack. The cane toad stings you.
* * * LOW HITPOINT WARNING * * *
You closely miss the cane toad.
The cane toad is moderately wounded.
The cane toad stings you but does no damage.
You barely miss the cane toad.
The cane toad is moderately wounded.
You block the cane toad's attack.
You slash the cane toad!
The cane toad is heavily wounded.
The cane toad stings you!
* * * LOW HITPOINT WARNING * * *
You closely miss the cane toad.
The cane toad is heavily wounded.
The cane toad stings you but does no damage. x2
You slash the cane toad!
The cane toad is severely wounded.
You block the cane toad's attack.
You feel better.
The cane toad stings you but does no damage.
You hit the cane toad.
The cane toad is almost dead.
The cane toad stings you!
You die...

### #P###### #......+
......##. #
#........# #.
#.......| ..
#.##F...............
#..#@.....#⌠.....⌠..
# #..###..+........
#.##..##.#.##....#
#...............##
#...........##...###
#.............#.....#
#............)..# .⌠
##..#.#####.....## ..
#.#.#. ##.....###.>


You could see a cane toad.

Vanquished Creatures
  A cyclops (D:8)
  A black mamba (D:8)
  3 cane toads (Lair:1)
  Maggie (D:7)
  A troll (D:7)
  Grinder (Sewer)
  Prince Ribbit (D:8)
  9 yaks
  2 water moccasins
  A black bear (D:6)
  An ice beast (D:6)
  2 sky beasts (D:7)
  3 wolves
  A centaur (D:6)
  A phantom (D:6)
  A kobold brigand (Sewer)
  A scorpion (D:5)
  3 bullfrogs
  A necrophage (D:5)
  5 wights
  6 killer bees (D:7)
  4 electric eels (D:8)
  2 howler monkeys (D:7)
  2 quasits (Sewer)
  4 hounds
  A jelly (D:6)
  4 orc priests
  A gnoll shaman (D:7)
  Jessica (D:3)
  5 iguanas
  8 orc wizards
  Robin (D:3)
  5 gnolls (D:7)
  7 adders
  4 shadow imps
  3 white imps
  3 ufetubi (Sewer)
  A worm (D:4)
  3 dart slugs
  30 orcs
  9 ball pythons
  5 bats
  8 endoplasms
  7 giant cockroaches
  18 goblins
  3 hobgoblins
  3 jackals (D:4)
  4 quokkas
  4 frilled lizards
  18 kobolds
  A kobold zombie (Sewer)
  2 rats
217 creatures vanquished.

Vanquished Creatures (others)
  An endoplasm (Sewer)
  A kobold zombie (Sewer)
  3 fungi (Lair:1)
  2 plants (Lair:1)
7 creatures vanquished.

Grand Total: 224 creatures vanquished

Notes
Turn   | Place    | Note
-------+----------+-------------------------------------------
     0 | D:1      | bande the Gargoyle Fighter began the quest for the Orb.
     0 | D:1      | Reached XP level 1. HP: 14/14 MP: 1/1
   129 | D:1      | Reached XP level 2. HP: 19/19 MP: 2/2
   271 | D:1      | Reached skill level 2 in Axes
   688 | D:1      | Reached XP level 3. HP: 19/23 MP: 3/3
  1002 | D:1      | Found a faded altar of an unknown god.
  1440 | D:2      | Reached XP level 4. HP: 27/29 MP: 4/4
  1723 | D:3      | Found a shadowy altar of Dithmenos.
  1724 | D:3      | Found a sparkling altar of Nemelex Xobeh.
  1724 | D:3      | Found a snail-covered altar of Cheibriados.
  1727 | D:3      | Found a glowing golden altar of the Shining One.
  1781 | D:3      | Reached skill level 3 in Axes
  1999 | D:3      | Noticed Robin
  2015 | D:3      | Killed Robin
  2422 | D:3      | Noticed Jessica
  2429 | D:3      | Killed Jessica
  2430 | D:3      | Reached XP level 5. HP: 32/33 MP: 5/5
  2919 | D:4      | Found Jutzaf's Assorted Antiques.
  3017 | D:4      | Found a glowing drain.
  3036 | Sewer    | Entered a sewer
  3364 | Sewer    | Found a burning altar of Makhleb.
  3368 | Sewer    | Noticed Grinder
  3372 | Sewer    | Noticed a kobold brigand
  3388 | Sewer    | Killed a kobold brigand
  3389 | Sewer    | Reached skill level 4 in Axes
  3389 | Sewer    | Reached XP level 6. HP: 12/39 MP: 6/6
  3502 | Sewer    | Killed Grinder
  3503 | Sewer    | Reached XP level 7. HP: 23/44 MP: 7/7
  4181 | D:4      | Identified the +3 rapier of Drought {vorpal, Str+5 Dex+2
                  | Stlth-}
  4312 | D:4      | Found an ornate altar of the Wu Jian Council.
  4381 | D:4      | Found a staircase to the Ecumenical Temple.
  4391 | Temple   | Entered the Ecumenical Temple
  4394 | Temple   | Became a worshipper of Warmaster Okawaru
  4470 | D:5      | Entered Level 5 of the Dungeon
  4474 | D:5      | Gained mutation: Your body sometimes deteriorates upon
                  | taking damage. [potion of mutation]
  4474 | D:5      | Gained mutation: You are partially covered in iridescent
                  | scales. (AC +2) [potion of mutation]
  4475 | D:5      | Lost mutation: You are partially covered in iridescent
                  | scales. (AC +2) [potion of mutation]
  4475 | D:5      | Lost mutation: Your body sometimes deteriorates upon taking
                  | damage. [potion of mutation]
  4475 | D:5      | Gained mutation: You have large cloven feet. [potion of
                  | mutation]
  4475 | D:5      | Gained mutation: You are partially covered in large bone
                  | plates. (SH +4) [potion of mutation]
  4475 | D:5      | Gained mutation: Your mind is acute. (Int +4, Str/Dex -1)
                  | [potion of mutation]
  4511 | D:5      | Reached skill level 5 in Armour
  4630 | D:5      | Found a bloodstained altar of Trog.
  4630 | D:5      | Identified the +4 whip of Fatigue {protect, *Slow rPois
                  | Int+3}
  4826 | D:5      | Reached skill level 5 in Axes
  4832 | D:5      | Reached skill level 1 in Invocations
  5031 | D:5      | Reached skill level 5 in Shields
  5427 | D:6      | Reached XP level 8. HP: 19/48 MP: 9/9
  5736 | D:6      | Reached skill level 5 in Fighting
  5737 | D:6      | Reached * piety under Okawaru
  5910 | D:6      | Reached skill level 6 in Axes
  5933 | D:6      | Found a shimmering altar of Xom.
  5935 | D:6      | Identified the +3 leather armour of Polish {rC- Regen+
                  | Int+6}
  6052 | D:6      | Found Haev's Gadget Gallery.
  6262 | D:6      | Reached ** piety under Okawaru
  6595 | D:7      | Noticed Maggie
  6606 | D:7      | Killed Maggie
  6607 | D:7      | Reached skill level 7 in Axes
  6607 | D:7      | Reached XP level 9. HP: 43/55 MP: 11/11
  7040 | D:7      | HP: 2/55 [killer bee (3)]
  7671 | D:7      | Reached *** piety under Okawaru
  8310 | D:7      | Found a broken altar of Ashenzari.
  9018 | D:8      | Reached skill level 5 in Invocations
  9035 | D:8      | Noticed a troll
  9176 | D:7      | Killed a troll
  9176 | D:7      | Reached **** piety under Okawaru
  9177 | D:7      | Reached skill level 8 in Axes
  9403 | D:7      | Reached XP level 10. HP: 56/61 MP: 14/14
  9774 | D:8      | Noticed Prince Ribbit
  9779 | D:8      | Noticed a cyclops
  9802 | D:8      | Killed a cyclops
  9802 | D:8      | Killed Prince Ribbit
  9986 | D:8      | Found a staircase to the Lair.
 10296 | D:8      | Found a sacrificial altar of Ru.
 10430 | D:8      | Found a hide-covered altar of Uskayaw.
 10579 | Lair:1   | Entered Level 1 of the Lair of Beasts
 10761 | D:8      | Reached skill level 9 in Axes
 10902 | Lair:1   | Noticed a black mamba
 10918 | D:8      | HP: 3/61 [yak (6)]
 11422 | D:8      | Killed a black mamba
 11422 | D:8      | Reached ***** piety under Okawaru
 11694 | Lair:1   | Noticed a cane toad
 11712 | Lair:1   | Killed a cane toad
 11859 | Lair:1   | Noticed a cane toad
 11873 | Lair:1   | Killed a cane toad
 11874 | Lair:1   | Reached XP level 11. HP: 34/67 MP: 16/16
 12388 | Lair:1   | Slain by a cane toad

Illustrated notes

Levels and vault maps discovered:
D:1:      sevenhm_arrival_forest_fort_small_3, layout_loops_ring,
          chequers_ecumenical_altar_simple
D:2:      layout_basic, grunt_ministairs_8, minivault_27,
          guppyfry_early_lair_pool
D:3:      layout_basic, chequers_temple_overflow_statue_of_worship, uniq_robin,
          uniq_jessica
D:4:      layout_basic, lemuel_coloured_pillars_altar, lemuel_temple_firewalk_a,
          serial_shops, shop, cheibrodos_sewer_entry_sluice, lemuel_old_faithful
D:5:      layout_basic, mainiacjoe_overflow_alcove_1, minmay_misc_feat_rows,
          minivault_11
D:6:      layout_basic, nicolae_overflow_crystal_walls, nicolae_shop_gadgets
D:7:      layout_basic, general_overflow_altar, uniq_maggie
D:8:      layout_rooms, nicolae_ru_awakened_eye,
          nicolae_uskayaw_murder_on_the_dancefloor, erik_lair_island,
          uniq_prince_ribbit1
Temple:   nicolae_temple_hex_pool
Lair:1:   layout_regular_city, grunt_megastairs_5, uniq_amaemon

Skill      XL: |  1  2  3  4  5  6  7  8  9 10 |
---------------+-------------------------------+-----
Axes           | 2 3 4 5 7 8 9 |  9.7
Fighting       | 4 5 6 7 |  7.4
Armour         | 4 5 6 8 |  8.2
Shields        | 4 5 6 7 |  7.7
Invocations    | 1 3 5 7 |  7.2

Action                   |  1- 3 |  4- 6 |  7- 9 | 10-12 || total
-------------------------+-------+-------+-------+-------++-------
Melee: War axe           |    94 |   143 |   384 |   186 ||   807
       Kick              |       |       |    81 |    11 ||    92
  Use: Scroll            |     3 |     5 |    13 |     2 ||    23
       Potion            |       |     3 |     4 |     1 ||     8
Armor: Scale mail        |    25 |       |       |       ||    25
       Chain mail        |    28 |     3 |       |       ||    31
       Plate armour      |       |   384 |   407 |   126 ||   917
Dodge: Dodged            |    40 |   123 |   116 |    42 ||   321
Block: Buckler           |    14 |    83 |   225 |    79 ||   401

Table legend: (Time is in decaauts)
 A = Elapsed time spent in this place.
 B = Non-inter-level travel time spent in this place.
 C = Inter-level travel time spent in this place.
 D = Time resting spent in this place.
 E = Time spent auto-exploring this place.
 F = Levels seen in this place.
 G = Mean time per level.
                   A        B        C        D        E       F      G
               +--------+--------+--------+--------+--------+-----+--------+
         Total |  12616 |  12526 |     90 |   4939 |   5119 |  11 | 1146.9 |
       Dungeon |  10979 |  10889 |     90 |   4242 |   4641 |   8 | 1372.4 |
        Temple |      6 |      6 |      0 |      0 |      0 |   1 |    6.0 |
          Lair |    742 |    742 |      0 |    298 |    263 |   1 |  742.0 |
         Sewer |    887 |    887 |      0 |    399 |    214 |   1 |  887.0 |
               +--------+--------+--------+--------+--------+-----+--------+

Top non-repeatable levels by time:
     D:7: 2607 daAuts
     D:8: 2151 daAuts
     D:6: 1634 daAuts
     D:3: 1232 daAuts
     D:1: 1188 daAuts
     D:5: 903 daAuts
   Sewer: 887 daAuts
  Lair:1: 742 daAuts
     D:4: 725 daAuts
     D:2: 537 daAuts
  Temple: 6 daAuts
